 Dungeon Crawl Stone Soup version 0.22-a0-322-g60b3cfd (webtiles) character file.

3810 xccam the Cleaver (level 10, -1/74 HPs)
             Began as a Formicid Fighter on Apr 2, 2018.
             Was a Priest of Cheibriados.
             Slain by a yak (6 damage)
             ... on level 9 of the Dungeon.
             The game lasted 00:11:01 (8017 turns).

xccam the Cleaver (Formicid Fighter)                Turns: 8017, Time: 00:11:02

Health: -1/74      AC: 12    Str: 32    XL:     10   Next: 39%
Magic:  6/13       EV: 13    Int: 15    God:    Cheibriados [***...]
Gold:   312        SH: 13    Dex: 19    Spells: 9/9 levels left

rFire    . . .     SeeInvis +   a - +0 war axe
rCold    . . .     Gourm    .   c - +0 shield
rNeg     . . .     Faith    .   m - +3 ring mail
rPois    .         Spirit   .   (helmet unavailable)
rElec    .         Reflect  .   r - +2 cloak {+Inv}
rCorr    .         Harm     .   (no gloves)
MR       +....                  (no boots)
Stlth    +.........             (no amulet)
HPRegen  0.22/turn              (no ring)
MPRegen  0.13/turn              (no ring)

@: very slow
A: permanent stasis, dig shafts and tunnels, four strong arms, antennae 3
a: Dig, Shaft Self, Bend Time, Temporal Distortion, Renounce Religion, Evoke
Invisibility


You were on level 9 of the Dungeon.
You worshipped Cheibriados.
Cheibriados was most pleased with you.
You were hungry.

You visited 2 branches of the dungeon, and saw 10 of its levels.
You also visited: Ossuary.

You collected 312 gold pieces.

Inventory:

Hand Weapons
 a - a +0 war axe (weapon)
Armour
 c - a +0 shield (worn)
 m - a +3 ring mail (worn)
 r - a +2 cloak of invisibility (worn)
Jewellery
 u - an uncursed amulet of harm
 v - an uncursed ring of protection from cold {unknown}
 F - an uncursed amulet of guardian spirit {unknown}
Wands
 n - a wand of polymorph (23)
Scrolls
 e - 2 scrolls of immolation
 g - a scroll of random uselessness {unknown}
 h - 2 scrolls of noise {unknown}
 i - 5 scrolls of remove curse
 k - 2 scrolls of enchant weapon {unknown}
 p - 3 scrolls of amnesia {unknown}
 s - 4 scrolls of teleportation {unknown}
 x - 3 scrolls of magic mapping {unknown}
 y - 2 scrolls of silence {unknown}
 A - 3 scrolls of enchant armour {unknown}
 C - a scroll of identify
 E - a scroll of holy word {unknown}
Potions
 b - 4 potions of mutation
 d - 2 potions of haste
 j - a potion of lignification
 l - 3 potions of curing
 o - a potion of agility
 q - a potion of degeneration
 t - a potion of magic
 w - a potion of invisibility
 z - 3 potions of might
 B - a potion of ambrosia
 D - 2 potions of berserk rage {unknown}
Comestibles
 f - 11 rations


   Skills:
 + Level 5.3 Fighting
 - Level 10.1 Axes
 + Level 5.3 Armour
 + Level 3.1 Dodging
 - Level 9.2 Shields
 + Level 4.3 Invocations


You had 9 spell levels left.
You didn't know any spells.

Dungeon Overview and Level Annotations

Branches:
Dungeon (9/15)             Temple (1/1) D:4
   Lair: D:8-11         Orc: D:9-12

Altars:
Ashenzari
Cheibriados
Dithmenos
Fedhas
Gozag
Kikubaaqudgha
Makhleb
Nemelex Xobeh
Okawaru
Ru
Sif Muna
Trog
Uskayaw
Vehumet
Wu Jian
Xom
Yredelemnul
The Shining One
Beogh

Shops:
D:6 =[([

Annotations:
D:9 Prince Ribbit


Innate Abilities, Weirdness & Mutations

You cannot be hasted, slowed, berserked, paralysed or teleported.
You can dig through walls and to a lower floor.
Your four strong arms can wield two-handed weapons with a shield.
You have a pair of large antennae on your head. (SInv)


Message History

The yak seems to slow down.
Cheibriados rebukes Prince Ribbit.
Prince Ribbit seems to slow down.
Cheibriados rebukes the yak.
The yak seems to slow down.
Cheibriados rebukes the yak.
The yak seems to slow down.
You feel slightly more hungry. The yak gores you!
* * * LOW HITPOINT WARNING * * *
The yak gores you.
* * * LOW HITPOINT WARNING * * *
You block Prince Ribbit's attack. The yak gores you but does no damage.
Okay, then.
You warp the flow of time around you!
You feel somewhat more hungry.
You can no longer inflict damage on those overly hasty.
Cheibriados lowers the support of your attributes as your movement quickens.
Unknown command.
You feel better. Prince Ribbit hits you!
* * * LOW HITPOINT WARNING * * *
The yak barely misses you. The yak gores you.
You die...

#..##....
####........
#...........
#...........
#...........
#...........
#..YYY......
#..Y@Y.#
#..)F..#
#......#
#..(...#
#..(...#
#..(...#
#..(...#
#..(...####
#..........


You could see Prince Ribbit and 5 yaks.

Vanquished Creatures
  4 yaks
  An orc warrior (D:7)
  A phantom (D:8)
  A sky beast (D:5)
  An ice beast (D:7)
  5 ogres
  2 centaurs
  A big kobold (D:8)
  4 elf zombies (Ossuary)
  A wyvern zombie (D:7)
  2 scorpions
  2 howler monkeys (D:8)
  3 hounds
  4 human zombies (Ossuary)
  4 centaur zombies (Ossuary)
  A bullfrog zombie (D:7)
  A crimson imp (D:7)
  2 jellies (D:6)
  Crazy Yiuf (D:3)
  2 centaur skeletons
  7 orc priests
  12 orc wizards
  Terence (D:3)
  An iguana (D:7)
  8 worker ants
  4 mummies
  Robin (D:3)
  A howler monkey skeleton (D:7)
  6 gnolls
  13 adders
  A shadow imp (D:8)
  An adder zombie (D:5)
  A worm (D:3)
  2 dart slugs
  4 leopard geckos
  35 orcs
  9 bats
  11 giant cockroaches
  14 goblins
  13 hobgoblins
  2 quokkas
  3 ball pythons
  5 frilled lizards
  A jackal skeleton (D:4)
  14 kobolds
  A leopard gecko skeleton (D:7)
  2 quokka zombies
  5 rats
  3 fungi (D:3)
  A plant (D:4)
225 creatures vanquished.

Vanquished Creatures (others)
  A quokka zombie (D:7)
1 creature vanquished.

Grand Total: 226 creatures vanquished

Notes
Turn   | Place    | Note
-------+----------+-------------------------------------------
     0 | D:1      | xccam the Formicid Fighter began the quest for the Orb.
     0 | D:1      | Reached XP level 1. HP: 18/18 MP: 1/1
    85 | D:1      | Reached XP level 2. HP: 24/24 MP: 2/2
   245 | D:1      | Reached skill level 3 in Axes
   371 | D:1      | Reached XP level 3. HP: 25/29 MP: 3/3
   767 | D:2      | Reached skill level 4 in Axes
   767 | D:2      | Reached XP level 4. HP: 27/35 MP: 4/4
  1063 | D:2      | Found a shadowy altar of Dithmenos.
  1355 | D:3      | Noticed Robin
  1376 | D:3      | Killed Robin
  1376 | D:3      | Reached XP level 5. HP: 11/41 MP: 5/5
  1773 | D:3      | Reached skill level 5 in Axes
  1793 | D:3      | Noticed Terence
  1801 | D:3      | Killed Terence
  2133 | D:3      | Found a runed door.
  2137 | D:3      | Noticed Crazy Yiuf
  2143 | D:3      | Killed Crazy Yiuf
  2143 | D:3      | Reached XP level 6. HP: 40/47 MP: 6/6
  2294 | D:4      | Reached skill level 6 in Axes
  2390 | D:4      | Reached skill level 7 in Axes
  2390 | D:4      | Reached XP level 7. HP: 33/52 MP: 7/7
  2947 | D:4      | Found a staircase to the Ecumenical Temple.
  2948 | D:4      | Identified the Incunabulum of Venomous Evil
  3095 | Temple   | Entered the Ecumenical Temple
  3149 | Temple   | Became a worshipper of Cheibriados the Contemplative
  3321 | D:5      | Entered Level 5 of the Dungeon
  3326 | D:5      | Reached skill level 8 in Axes
  3467 | D:5      | Reached XP level 8. HP: 35/58 MP: 8/8
  3758 | D:5      | Reached skill level 9 in Axes
  3759 | D:5      | Reached * piety under Cheibriados
  4425 | D:6      | Found Ydiatey's Antique Weapon Emporium.
  4443 | D:6      | Found Kaihyo's Antique Armour Shop.
  4716 | D:6      | Reached skill level 10 in Axes
  4819 | D:6      | Found Zat Fant's Jewellery Shoppe.
  5018 | D:6      | Found Wyte's Antique Armour Emporium.
  5208 | D:7      | Noticed a yak
  5208 | D:7      | Noticed a yak
  5211 | D:7      | Noticed a yak
  5227 | D:7      | Found a sand-covered staircase.
  5233 | Ossuary  | Entered an ossuary
  5484 | Ossuary  | Reached skill level 5 in Shields
  5487 | Ossuary  | Reached XP level 9. HP: 63/64 MP: 9/9
  5534 | Ossuary  | Reached ** piety under Cheibriados
  5744 | D:7      | Reached skill level 1 in Invocations
  6000 | D:7      | Reached skill level 1 in Dodging
  6048 | D:7      | Found a sparkling altar of Nemelex Xobeh.
  6090 | D:7      | Reached XP level 10. HP: 35/71 MP: 11/11
  6091 | D:7      | Reached *** piety under Cheibriados
  7146 | D:8      | Found a roughly hewn altar of Beogh.
  7434 | D:8      | Reached skill level 5 in Fighting
  7710 | D:8      | Reached skill level 5 in Armour
  8008 | D:9      | Noticed Prince Ribbit
  8011 | D:9      | Reached **** piety under Cheibriados
  8016 | D:9      | HP: 3/74 [yak (1)]
  8017 | D:9      | Slain by a yak

Vault maps used:
D:1:      dpeg_arrival_signposts, grunt_decor_mini_mirrors, minmay_pentomino_w4
D:2:      nicolae_dithmenos_shadow_blocks
D:3:      uniq_crazy_yiuf_cottage, uniq_terence, uniq_robin
D:4:      temple_fountains, guppyfry_early_lair_pool
D:5:      first_ration
D:6:      serial_shops, shop, nicolae_shop_behind_doors,
          nicolae_shop_temple_entry_statues_fountains, shop,
          hangedman_abyss_or_decor_stabs
D:7:      basic_altar, gup_ossuary_entry_pyramid, minmay_misc_feat_room
D:8:      david_defended_altar_orc
D:9:      basic_altar, grunt_ogre_cave, uniq_prince_ribbit1, uniq_erolcha,
          uniq_pikel
Temple:   regret_index_temple_sigil_plot
Ossuary:  ossuary_minmay_four_chambers

Skill      XL: |  1  2  3  4  5  6  7  8  9 10 |
---------------+-------------------------------+-----
Axes           | 3 4 5 7 8 10 | 10.1
Shields        | 5 9 |  9.2
Invocations    | 2 4 |  4.3
Dodging        | 1 3 |  3.1
Fighting       | 4 5 |  5.3
Armour         | 4 5 |  5.3

Action                   |  1- 3 |  4- 6 |  7- 9 | 10-12 || total
-------------------------+-------+-------+-------+-------++-------
Melee: War axe           |    78 |   189 |   273 |   151 ||   691
Invok: Bend Time         |       |       |     1 |     1 ||     2
       Temporal Distorti |       |       |       |     1 ||     1
  Use: Potion            |       |     1 |     6 |     1 ||     8
       Scroll            |       |       |    10 |       ||    10
  Eat: Chunk             |       |     5 |     7 |     1 ||    13
       Ration            |       |       |     1 |       ||     1
Armor: Scale mail        |    42 |     5 |       |       ||    47
       Ring mail         |       |    72 |    76 |    33 ||   181
       Skin              |       |       |    18 |       ||    18
Dodge: Dodged            |    18 |    59 |    86 |    50 ||   213
Block: Shield            |    61 |    85 |   132 |    83 ||   361

Table legend:
 A = Spawn XP
 B = Non-spawn XP
 C = Spawn XP percentage of total XP
 D = Spawn monster count
 E = Non-spawn monster count
 F = Spawn count percentage of total count
 G = Total turns spent on level
                    A         B        C        D         E        F      G
               +---------+---------+-------+---------+---------+-------+---------
         Total |       0 |    5443 |   0.0 |       0 |     221 |   0.0 |  8017
               +---------+---------+-------+---------+---------+-------+---------
           D:1 |       0 |      46 |   0.0 |       0 |      27 |   0.0 |   723
           D:2 |       0 |      49 |   0.0 |       0 |      15 |   0.0 |   523
           D:3 |       0 |     176 |   0.0 |       0 |      35 |   0.0 |   959
           D:4 |       0 |     501 |   0.0 |       0 |      23 |   0.0 |  1032
           D:5 |       0 |     701 |   0.0 |       0 |      29 |   0.0 |  1086
           D:6 |       0 |     407 |   0.0 |       0 |      16 |   0.0 |   801
           D:7 |       0 |    1552 |   0.0 |       0 |      33 |   0.0 |  1307
           D:8 |       0 |     795 |   0.0 |       0 |      23 |   0.0 |   929
           D:9 |       0 |     445 |   0.0 |       0 |       5 |   0.0 |    83
       Ossuary |       0 |     771 |   0.0 |       0 |      15 |   0.0 |   490
               +---------+---------+-------+---------+---------+-------+---------
